 Dungeon Crawl Stone Soup version 0.16.2-12-gd0ad4c3 (webtiles) character file.

48323 faibistes the Thaumaturge (level 14, -8/80 HPs)
             Began as a Deep Elf Wizard on Dec 14, 2018.
             Was the Champion of Sif Muna.
             Mangled by a dire elephant (39 damage)
             ... on level 8 of the Lair of Beasts on Dec 15, 2018.
             The game lasted 01:22:50 (30945 turns).

faibistes the Thaumaturge (Deep Elf Wizard)        Turns: 30945, Time: 01:22:50

Health: -8/80      AC:  7    Str:  4    XL:     14   Next: 11%
Magic:  4/38       EV: 17    Int: 29    God:    Sif Muna [******]
Gold:   859        SH:  0    Dex: 13    Spells: 10 memorised, 4 levels left

rFire  + . .     SeeInvis .     I - staff of poison
rCold  . . .     Clarity  +     Q - +2 robe {rF+}
rNeg   . . .     SustAb   +     (no shield)
rPois  +         Gourm    .     c - +1 hat {MR+}
rElec  .         Spirit   .     b - +0 cloak
rCorr  .         Warding  .     (no gloves)
rMut   .         Stasis   .     s - +0 pair of boots
MR     ++...                    p - amulet of clarity
Stlth  ++........               E - ring of wizardry
                                l - ring of sustain abilities

@: repel missiles, very resistant to hostile enchantments, unstealthy
A: no striking features
a: Channel Energy, Forget Spell, Renounce Religion


You were on level 8 of the Lair of Beasts.
You worshipped Sif Muna.
Sif Muna was exalted by your worship.
You were not hungry.

You visited 3 branches of the dungeon, and saw 20 of its levels.

You collected 1057 gold pieces.
You spent 198 gold pieces at shops.

Inventory:

Hand weapons
 g - a +0 dagger
 W - a +4 glaive of venom
Armour
 b - a +0 cloak (worn)
 c - a +1 hat of magic resistance (worn)
 s - a +0 pair of boots (worn)
 F - a +1 robe of cold resistance
 Q - a +2 robe of fire resistance (worn)
Magical staves
 I - an uncursed staff of poison (weapon)
Jewellery
 l - a ring of sustain abilities (left hand)
 p - an amulet of clarity (around neck)
 E - a ring of wizardry (right hand)
 U - the cursed necklace of Bloodlust {*Rage +Rage MR+ Str+2 Int-2 Slay+3 Curse}
   (You found it on level 6 of the Lair of Beasts)

   [amulet of rage]

   It affects your strength (+2).
   It affects your intelligence (-2).
   It affects your accuracy and damage with ranged weapons and melee attacks
   (+3).
   It affects your resistance to hostile enchantments.
   It lets you go berserk.
   It may make you go berserk in combat.
   It may re-curse itself when equipped.
   It has a curse placed upon it.
 X - an uncursed amulet of warding
Magical devices
 f - a wand of disintegration (9)
 j - a wand of disintegration (10)
 w - a wand of slowing (12)
 y - a wand of flame (48)
 L - a wand of draining (3)
 O - a wand of flame (27)
 P - a wand of frost (22)
 R - a wand of fire (6)
 V - a wand of digging (8)
Scrolls
 a - a scroll of fog
 e - 2 scrolls of blinking
 i - 11 scrolls of remove curse
 k - 2 scrolls of fear
 n - 3 scrolls of magic mapping
 r - 4 scrolls of recharging
 v - 2 scrolls of teleportation
 G - 2 scrolls of immolation
 M - a scroll of identify
 N - a scroll of holy word
Potions
 h - a potion of agility
 m - a potion of restore abilities
 q - 4 potions of might
 t - 2 potions of heal wounds
 u - 3 potions of haste
 x - 3 potions of flight
 C - a potion of brilliance
 D - 2 potions of cancellation
 H - 3 potions of curing
 K - a potion of invisibility
 S - a potion of resistance
Miscellaneous
 J - a phial of floods
Comestibles
 d - 17 bread rations
 o - 2 fruits
 z - 13 beef jerkies
 A - 6 meat rations
 B - 7 slices of pizza


   Skills:
 + Level 6.9 Fighting
 - Level 10.0 Dodging
 - Level 2.4 Stealth
 * Level 14.9 Spellcasting
 + Level 8.6 Conjurations
 + Level 7.6 Charms
   Level 1.1 Summonings
 + Level 6.5 Translocations
 - Level 3.1 Transmutations
 * Level 8.4 Fire Magic
 - Level 2.8 Air Magic
 * Level 8.8 Earth Magic
 - Level 2.1 Poison Magic
 * Level 8.5 Invocations
 + Level 6.8 Evocations


You had 4 spell levels left.
You knew the following spells:

 Your Spells              Type           Power        Failure   Level  Hunger
a - Iskenderun's Mystic   Conj           ######..     1%          4    None
b - Conjure Flame         Conj/Fire      ######..     1%          3    None
d - Blink                 Tloc           N/A          1%          2    None
e - Mephitic Cloud        Conj/Pois/Air  ######..     1%          3    None
f - Repel Missiles        Chrm/Air       ######       1%          2    None
g - Petrify               Trmt/Erth      ######..     1%          4    None
l - Lee's Rapid Deconstr  Erth           ######....   1%          5    None
v - Bolt of Fire          Conj/Fire      ######....   4%          6    ###....
x - Force Lance           Conj/Tloc      ######..     1%          4    None
z - Fireball              Conj/Fire      ######....   1%          5    None


Dungeon Overview and Level Annotations

Branches:
Dungeon (11/15)            Temple (1/1) D:4            Lair (8/8) D:10
  Swamp (0/5) Lair:4        Snake (0/5) Lair:5        Slime (0/6) Lair:7
    Orc: D:9-12

Altars:
Ashenzari
Cheibriados
Dithmenos
Elyvilon
Fedhas
Gozag
Kikubaaqudgha
Makhleb
Nemelex Xobeh
Okawaru
Qazlal
Ru
Sif Muna
Trog
Vehumet
Xom
Yredelemnul
Zin
The Shining One
Jiyva

Shops:
D:5 ?   D:8 ?

Annotations:
D:7 exclusion: ice statue
D:10 Fannar
Lair:8 exclusion: oklob plant


Message History

The lance of force hits the dire elephant.
The dire elephant is almost dead.
The dire elephant is knocked back by the lance of force.
Casting: Force Lance
Confirm with . or Enter, or press ? or * to list all spells.
Aiming: Conjure Flame
Press: ? - help, Dir - move target cursor, p - dire elephant The fire roars!
The dire elephant is engulfed in roaring flames.
The dire elephant is poisoned.
You hit the dire elephant but do no damage.
The dire elephant is almost dead.
The dire elephant is engulfed in roaring flames.
The dire elephant tramples you!!
* * * LOW HITPOINT WARNING * * *
You stumble backwards!
The dire elephant misses you.
The dire elephant trunk-slaps you but does no damage.
Drink which item? (? for menu, Esc to quit)
You feel much better. The dire elephant tramples you!!!
You die...

...#..P........†<.........PP.....
.....P.P.................PPPPP...
.....PP.........§........#PPP....
.....P##.P..............P##P.....
........#.......§.........PP..[..
.......####.....§.....###PPP.....
........# #.....§......####......
.......## ###...Y...#...###.P....
......## ##..@#.......###P....
......#### ####.##....#.####...
...P....P# #..#..#.....##.#.P
.....YP.## ##..PP......###.#.
.......?.# ##..P......######
..P...YP.# #.#.PPP.P..#
..P#....#### #..#.PP.P.##
.PP##..P.#.# ##.#.PPPP## .##
#.....##### ####PP.###


You could see a dire elephant.

Vanquished Creatures
  Gastronok (Lair:2)
  The ghost of faibistes the Thaumaturge, a powerful DEWz of Sif Muna (Lair:4)
  5 hydras
  Erica (Lair:3)
  6 death yaks
  Pikel (D:4)
  A hill giant (D:10)
  4 griffons
  10 elephants
  5 black mambas
  A centaur zombie (D:10)
  6 spiny frogs
  A torpor snail (Lair:7)
  8 komodo dragons
  3 fire drakes
  18 blink frogs
  Grinder (D:5)
  5 basilisks
  2 two-headed ogres
  55 yaks
  2 deep elf magi
  3 fire bats (Lair:4)
  A hungry ghost (D:9)
  Eustachio (D:5)
  2 humans
  5 hippogriffs
  3 wyverns
  9 wolves
  Menkaure (D:6)
  3 nagas (Lair:5)
  9 water moccasins
  A phantom (D:9)
  An ice beast (D:8)
  2 black bears
  5 orc warriors
  6 porcupines
  16 crocodiles
  4 centaurs
  9 ogres
  5 boring beetles
  A wyvern zombie (D:6)
  25 giant frogs
  A brain worm (Lair:7)
  Blork the orc (D:8)
  A wyvern skeleton (D:9)
  2 scorpions
  7 killer bees
  3 crimson imps
  An electric eel (Lair:3)
  7 orc priests
  4 jellies
  14 hounds
  3 giant frog zombies
  A centaur skeleton (D:5)
  10 iguanas
  9 orc wizards
  7 sheep (Lair:6)
  4 hell rats
  6 worker ants
  A hound skeleton (D:8)
  A mummy (D:9)
  19 adders
  4 gnolls (D:4)
  45 river rats
  2 shadow imps
  4 worms
  3 giant geckos
  An ooze (D:2)
  31 orcs
  15 bats
  2 bat skeletons
  A bat zombie (D:6)
  5 giant cockroaches
  14 goblins
  17 hobgoblins
  6 jackals
  16 kobolds
  13 quokkas
  A ball python (D:2)
  8 giant newts
  A jackal skeleton (D:7)
  2 jackal zombies
  4 quokka skeletons
  45 rats
  A bush (Lair:8)
  2 fungi
  4 plants
598 creatures vanquished.

Vanquished Creatures (collateral kills)
  A hound (D:5)
  4 jackals
  2 rats (D:2)
7 creatures vanquished.

Vanquished Creatures (others)
  An iron imp (D:4)
  A worker ant (D:4)
  22 fungi
  14 plants
38 creatures vanquished.

Grand Total: 643 creatures vanquished

Notes
Turn   | Place    | Note
--------------------------------------------------------------
     0 | D:1      | faibistes, the Deep Elf Wizard, began the quest for the Orb.
     0 | D:1      | Reached XP level 1. HP: 10/10 MP: 6/6
   272 | D:1      | Reached XP level 2. HP: 15/15 MP: 8/10
   334 | D:1      | Learned a level 2 spell: Blink
   337 | D:1      | Learned a level 2 spell: Call Imp
   754 | D:1      | Reached skill level 5 in Spellcasting
   876 | D:1      | Reached XP level 3. HP: 19/19 MP: 10/14
   881 | D:1      | Learned a level 3 spell: Conjure Flame
   885 | D:1      | Learned a level 3 spell: Mephitic Cloud
  1914 | D:2      | Reached XP level 4. HP: 24/24 MP: 0/17
  1921 | D:2      | Learned a level 2 spell: Repel Missiles
  2434 | D:3      | Found an opulent altar of Gozag.
  2583 | D:5      | Entered Level 5 of the Dungeon
  3122 | D:4      | Noticed an ogre
  3129 | D:4      | Killed an ogre
  3129 | D:4      | Reached skill level 6 in Spellcasting
  3129 | D:4      | Reached XP level 5. HP: 2/28 MP: 10/20
  3471 | D:4      | Found a staircase to the Ecumenical Temple.
  3480 | Temple   | Entered the Ecumenical Temple
  3586 | D:4      | Noticed a slave
  3694 | D:4      | Reached XP level 6. HP: 32/32 MP: 5/22
  3968 | D:4      | Reached skill level 7 in Spellcasting
  4055 | D:4      | Noticed Pikel
  4057 | D:4      | Noticed a slave
  4065 | D:4      | Noticed a slave
  4094 | D:4      | Noticed a slave
  4125 | D:4      | Killed Pikel
  4125 | D:4      | Reached skill level 5 in Dodging
  4125 | D:4      | Reached skill level 8 in Spellcasting
  4125 | D:4      | Reached XP level 7. HP: 35/40 MP: 18/26
  4563 | D:5      | Found a sacrificial altar of Ru.
  4587 | D:5      | Found Fuode's Magic Scroll Shoppe.
  4595 | D:5      | Bought a scroll of teleportation for 33 gold pieces
  4595 | D:5      | Bought a scroll of remove curse for 33 gold pieces
  4740 | D:5      | Noticed Grinder
  4756 | D:5      | Killed Grinder
  4756 | D:5      | Reached skill level 9 in Spellcasting
  4756 | D:5      | Reached XP level 8. HP: 28/46 MP: 15/28
  4833 | D:5      | Noticed a centaur
  4844 | D:5      | Killed a centaur
  4903 | D:5      | Noticed Eustachio
  4923 | D:5      | Killed Eustachio
  5115 | D:6      | Noticed Menkaure
  5432 | D:5      | Reached skill level 10 in Spellcasting
  6087 | D:5      | Noticed a two-headed ogre
  6108 | D:5      | Killed a two-headed ogre
  6344 | D:6      | Killed Menkaure
  6344 | D:6      | Reached skill level 5 in Fighting
  6344 | D:6      | Reached XP level 9. HP: 27/54 MP: 22/30
  6821 | D:6      | Found a deep blue altar of Sif Muna.
  6830 | D:6      | Became a worshipper of Sif Muna the Loreminder
  6895 | D:6      | Reached skill level 11 in Spellcasting
  7079 | D:7      | Reached skill level 1 in Fire Magic
  7242 | D:7      | Reached skill level 1 in Air Magic
  7257 | D:7      | Reached skill level 1 in Poison Magic
  7578 | D:7      | Acquired Sif Muna's first power
  8321 | D:7      | Noticed an ice statue
  8363 | D:7      | Found an iron altar of Okawaru.
  8421 | D:7      | Found a deep blue altar of Sif Muna.
  8496 | D:7      | Identified Sif Muna's Almanac of Transmutation
  8590 | D:7      | Found a burning altar of Makhleb.
  8672 | D:8      | Reached skill level 5 in Conjurations
  9117 | D:8      | Noticed Blork the orc
  9134 | D:8      | Killed Blork the orc
  9569 | D:8      | Learned a level 4 spell: Petrify
  9665 | D:8      | Reached XP level 10. HP: 32/59 MP: 23/32
  9982 | D:8      | Acquired Sif Muna's second power
  9982 | D:8      | Reached skill level 1 in Transmutations
 10658 | D:8      | Found Schis' Magic Scroll Boutique.
 10807 | D:8      | Reached skill level 1 in Charms
 11041 | D:8      | Reached skill level 1 in Earth Magic
 11262 | D:8      | Bought a scroll of blinking for 90 gold pieces
 11262 | D:8      | Bought a scroll of magic mapping for 42 gold pieces
 11487 | D:9      | Reached skill level 1 in Invocations
 11834 | D:9      | Got a heavily jewelled robe
 11845 | D:9      | Identified the +0 robe of Woempy {Str+3 Stlth-} (You found it on level 9 of the Dungeon)
 11909 | D:10     | Entered Level 10 of the Dungeon
 11916 | D:9      | Learned a level 3 spell: Stone Arrow
 12073 | D:9      | Reached skill level 1 in Evocations
 12128 | D:8      | Found a basalt altar of Yredelemnul.
 12128 | D:8      | Found a blossoming altar of Fedhas.
 12337 | D:9      | Reached skill level 12 in Spellcasting
 13428 | D:10     | Reached XP level 11. HP: 64/64 MP: 19/34
 13636 | D:10     | Found a staircase to the Lair.
 13813 | D:10     | Noticed Fannar
 14464 | D:10     | Noticed a hill giant
 14474 | D:10     | Killed a hill giant
 14754 | Lair:1   | Entered Level 1 of the Lair of Beasts
 14810 | Lair:1   | Acquired Sif Muna's third power
 15691 | Lair:2   | Noticed a four-headed hydra
 15712 | Lair:2   | Killed a four-headed hydra
 15712 | Lair:2   | Reached skill level 13 in Spellcasting
 15712 | Lair:2   | Reached skill level 5 in Earth Magic
 15714 | Lair:2   | Reached skill level 5 in Invocations
 16984 | Lair:2   | Reached skill level 5 in Fire Magic
 16987 | Lair:2   | Reached skill level 5 in Charms
 17012 | Lair:2   | Reached XP level 12. HP: 70/70 MP: 14/35
 17151 | Lair:2   | Learned a level 5 spell: Lee's Rapid Deconstruction
 17155 | Lair:2   | Learned a level 3 spell: Passwall
 17505 | Lair:2   | Noticed Gastronok
 17528 | Lair:2   | Killed Gastronok
 18520 | Lair:2   | Reached skill level 5 in Translocations
 18809 | Lair:3   | Noticed a seven-headed hydra
 18829 | Lair:3   | Killed a seven-headed hydra
 19695 | Lair:4   | Found a bloodstained altar of Trog.
 19849 | Lair:5   | Received a gift from Sif Muna
 19851 | Lair:5   | Identified Sif Muna's Volume of Feathery Battle Magic (Sif Muna gifted it to you on level 5 of the Lair of Beasts)
 19957 | Lair:4   | Learned a level 4 spell: Force Lance
 19962 | Lair:4   | Learned a level 4 spell: Iskenderun's Mystic Blast
 20508 | Lair:3   | Noticed a six-headed hydra
 20523 | Lair:3   | Killed a six-headed hydra
 20523 | Lair:3   | Reached skill level 14 in Spellcasting
 20645 | Lair:3   | Noticed Erica
 20650 | Lair:3   | Killed Erica
 21022 | Lair:4   | Reached skill level 5 in Evocations
 21206 | Lair:4   | Noticed faibistes' ghost (powerful DEWz)
 21216 | Lair:4   | Killed faibistes' ghost
 22308 | Lair:4   | Found a staircase to the Swamp.
 22346 | Lair:4   | Reached XP level 13. HP: 75/75 MP: 22/37
 22855 | Lair:5   | Identified a scroll of acquirement
 23200 | Lair:5   | Found a staircase to the Snake Pit.
 24968 | Lair:6   | Reached skill level 10 in Dodging
 25858 | Lair:6   | Learned a level 6 spell: Bolt of Fire
 26913 | Lair:8   | Entered Level 8 of the Lair of Beasts
 27109 | Lair:7   | Found a viscous altar of Jiyva.
 27114 | Lair:7   | Found a staircase to the Slime Pits.
 27845 | Lair:7   | Received a gift from Sif Muna
 27960 | Lair:7   | Identified Sif Muna's Compendium of Conjuration (Sif Muna gifted it to you on level 7 of the Lair of Beasts)
 28152 | Lair:2   | Learned a level 5 spell: Fireball
 28918 | Lair:7   | Found a burning altar of Makhleb.
 30280 | Lair:8   | Reached XP level 14. HP: 80/80 MP: 32/38
 30773 | Lair:8   | Noticed a dire elephant
 30944 | Lair:8   | HP: 4/80 [dire elephant (28)]
 30945 | Lair:8   | Mangled by a dire elephant

Action                   |  1- 3 |  4- 6 |  7- 9 | 10-12 | 13-15 || total
-------------------------+-------+-------+-------+-------+-------++-------
Melee: Dagger            |     8 |    11 |    33 |       |       ||    52
       Staff             |       |       |    10 |    62 |    64 ||   136
 Cast: Magic Dart        |    87 |   109 |   448 |   381 |    23 ||  1048
       Call Imp          |     5 |     1 |     2 |       |       ||     8
       Conjure Flame     |     5 |     8 |    21 |    93 |    41 ||   168
       Mephitic Cloud    |     2 |     5 |    42 |    39 |     6 ||    94
       Repel Missiles    |       |     1 |     2 |       |       ||     3
       Blink             |       |     1 |    18 |    36 |     4 ||    59
       Stone Arrow       |       |       |       |   142 |       ||   142
       Lee's Rapid Decon |       |       |       |    30 |    60 ||    90
       Iskenderun's Myst |       |       |       |    26 |    32 ||    58
       Force Lance       |       |       |       |    11 |    71 ||    82
       Petrify           |       |       |       |     4 |    19 ||    23
       Fireball          |       |       |       |       |    51 ||    51
       Bolt of Fire      |       |       |       |       |    16 ||    16
Invok: Channel Energy    |       |       |       |    23 |    55 ||    78
       Forget Spell      |       |       |       |       |     2 ||     2
Evoke: Wand              |       |       |       |       |     1 ||     1
  Use: Scroll            |       |       |    12 |    10 |    10 ||    32
       Potion            |       |       |       |       |     2 ||     2
 Stab: Confused          |       |       |     3 |     4 |       ||     7
  Eat: Chunk             |     3 |     7 |    16 |    42 |    32 ||   100
       Fruit             |       |       |       |       |     6 ||     6
